AoeStats
← wu

Arena

506535639Analyzed
2v2 RM · 19d ago on Sep 13, 2026· 42m 44s· 4 players
Game mode
Random Map
Map size
Medium (4 player)
Population
200
Speed
Normal
Resources
Standard
Victory
Conquest
Starting age
Dark Age
Ending age
Imperial Age
RankedLock teamsTeams togetherTeam positionsShared explorationLock speedFull tech treeHidden civsTurbo modeCheats
Victory
Defeat
🇹🇼 Bulgarians · Taiwan
629
+24
🇹🇼 Saracens · Taiwan
602
+18
🇪🇸 Britons · Spain
605
-15
🇨🇦 Burgundians · Canada
541
-13
k1753688509
11:22 Feudal Age
15:37 Double-Bit Axe
18:22 Castle Age
16:22 Horse Collar
20:39 Bow Saw
20:32 Heavy Plow
23:53 Husbandry
24:04 Bloodlines
24:04 Scale Barding Armor
25:27 Chain Barding Armor
25:50 Squires
32:04 Imperial Age
30:51 Gold Mining
31:32 Fletching
31:48 Elite Skirmisher
32:34 Bodkin Arrow
33:01 Forging
34:31 Elite Mameluke
35:42 Ballistics
37:06 Gold Shaft Mining
37:10 Conscription
38:29 Chemistry
41:10 Thumb Ring
41:33 Parthian Tactics
41:51 Iron Casting
41:57 Light Cavalry
wu
9:36 Feudal Age
9:59 Horse Collar
10:12 Double-Bit Axe
20:12 Castle Age
18:18 Stone Mining
22:21 Gold Mining
23:10 Stone Shaft Mining
22:39 Husbandry
22:51 Bloodlines
26:14 Heavy Plow
26:39 Scale Barding Armor
26:36 Scale Mail Armor
27:49 Chain Barding Armor
27:45 Chain Mail Armor
27:41 Forging
28:23 Bow Saw
31:59 Gold Shaft Mining
35:32 Imperial Age
33:22 Forging
36:54 Plate Barding Armor
36:49 Plate Mail Armor
36:55 Iron Casting
36:09 Elite Konnik
37:41 Crop Rotation
Hugh Jass
12:08 Feudal Age
19:20 Castle Age
18:13 Double-Bit Axe
21:57 Man-at-Arms
22:53 Pikeman
ramon_beas21
0:33 Loom
11:23 Feudal Age
14:39 Horse Collar
15:44 Man-at-Arms
23:23 Castle Age
22:19 Padded Archer Armor
22:09 Fletching
23:42 Crossbowman
23:45 Pikeman
27:58 Fortified Wall
28:09 Ballistics
32:07 Imperial Age
32:13 Leather Archer Armor
32:09 Forging
32:01 Long Swordsman
35:01 Double-Bit Axe
37:00 Yeomen
Connection lost

Rejoining the realm…

Still unreachable

The connection could not be restored.

Session expired

The server has moved on; the page needs a fresh start.